 Dungeon Crawl Stone Soup version 0.25-a0-1015-g4819203062 (webtiles) character file.

Game seed: 5749873392554137513, levelgen mode: deterministic

2835 Harbin the Martial Artist (level 9, 0/72 HPs)
             Began as a Demonspawn Monk on May 12, 2020.
             Was a Priest of Makhleb.
             Slain by flidderman's ghost (19 damage)
             ... on level 7 of the Dungeon.
             The game lasted 01:01:36 (9144 turns).

Harbin the Martial Artist (Demonspawn Monk)         Turns: 9144, Time: 01:01:37

Health: 0/72       AC:  4    Str: 12    XL:     9   Next: 45%
Magic:  0/13       EV: 14    Int: 13    God:    Makhleb [***...]
Gold:   361        SH:  0    Dex: 15    Spells: 8/8 levels left

rFire    . . .     SeeInvis .     - Unarmed
rCold    . . .     Gourm    .   (no shield)
rNeg     . . .     Faith    .   z - +0 troll leather armour
rPois    +         Spirit   +   (helmet restricted)
rElec    .         Reflect  .   (no cloak)
rCorr    .         Harm     .   (no gloves)
MR       .....     Clarity  +   (no boots)
Stlth    +.........             (no amulet)
HPRegen  0.62/turn              i - ring of poison resistance
MPRegen  0.26/turn              y - ring of attention (curse)

@: hasted, very quick
A: antennae 1, claws 1, hooves 1, clarity, powered by pain 1, weak 1, magic
shield, magic regeneration, magic link
a: Minor Destruction, Lesser Servant of Makhleb, Renounce Religion


You were on level 7 of the Dungeon.
You worshipped Makhleb.
Makhleb was most pleased with you.
You were not hungry.

You visited 1 branch of the dungeon, and saw 7 of its levels.
You also visited: Sewer.

You collected 361 gold pieces.

Inventory:

Missiles
 j - 4 atropa-tipped darts (quivered)
 o - 3 boomerangs of dispersal
Armour
 a - a +0 robe
 c - a +0 ring mail
 e - a +0 leather armour
 g - a +0 plate armour
 k - a +0 ring mail
 z - a +0 troll leather armour (worn)
Jewellery
 d - an uncursed ring of fire
 i - a ring of poison resistance (left claw)
 y - a cursed ring of attention (right claw)
Wands
 p - a wand of flame (21)
 u - a wand of iceblast (10)
Scrolls
 f - 12 scrolls of identify
 l - a scroll of fog
 n - 3 scrolls of remove curse
 r - 6 scrolls of teleportation
 D - a scroll of enchant armour {unknown}
 E - a scroll of blinking
Potions
 h - 2 potions of heal wounds {unknown}
 m - 4 potions of flight {unknown}
 s - a potion of brilliance
 t - 2 potions of cancellation {unknown}
 v - a potion of invisibility {unknown}
 w - a potion of stabbing {unknown}
 x - a potion of curing
 A - a potion of berserk rage
 B - a potion of resistance {unknown}
Comestibles
 b - 19 rations
 C - 4 chunks of flesh


   Skills:
 + Level 7.4 Fighting
 - Level 3.3 Armour
 - Level 4.6 Dodging
 - Level 1.7 Stealth
 + Level 8.1 Unarmed Combat
 + Level 6.1 Invocations


You had 8 spell levels left.
You didn't know any spells.
Your spell library contained the following spells:

 Spells                   Type           Power        Failure   Level  Hunger
 Animate Skeleton         Necr           N/A          36%         1    ##.....
 Apportation              Tloc           #.....       36%         1    ##.....
 Corona                   Hex            #......      36%         1    ##.....
 Magic Dart               Conj           #...         36%         1    ##.....
 Summon Small Mammal      Summ           #...         36%         1    ##.....
 Searing Ray              Conj           #.....       52%         2    ###....
 Dazzling Flash           Conj/Hex       #.....       75%         3    ####...
 Fulminant Prism          Conj/Hex       #.........   98%         4    #####..
 Iskenderun's Mystic Bla  Conj/Tloc      #.......     98%         4    #####..


Dungeon Overview and Level Annotations

Branches:
Dungeon (7/15)              Sewer (visited)
 Temple: D:4-7

Altars:
Makhleb
Okawaru
Sif Muna
Xom

Shops:
D:6 ((

Annotations:
D:7 flidderman's ghost, novice GrFi


Innate Abilities, Weirdness & Mutations

You have a pair of small antennae on your head.
You have sharp fingernails.
You have large cloven feet.
You sometimes gain a little power by taking damage.
When hurt, damage is shared between your health and your magic reserves.
You regenerate magic rapidly.
When low on magic, you restore magic in place of health.
You possess an exceptional clarity of mind.
You are weak. (Str -2)


Message History

You kick flidderman's ghost, but do no damage.
Flidderman's ghost is almost destroyed.
Flidderman's ghost closely misses you.
You barely miss flidderman's ghost.
You kick flidderman's ghost, but do no damage.
Flidderman's ghost is almost destroyed.
You scratch flidderman's ghost but do no damage.
Flidderman's ghost is almost destroyed.
Flidderman's ghost misses you.
You scratch flidderman's ghost but do no damage.
You kick flidderman's ghost, but do no damage.
Flidderman's ghost is almost destroyed.
Flidderman's ghost hits you!!
* * * LOW HITPOINT WARNING * * *
You barely miss flidderman's ghost.
Flidderman's ghost is almost destroyed.
You scratch flidderman's ghost but do no damage.
Flidderman's ghost is almost destroyed.
Flidderman's ghost hits you!!
You die...

.............#########.
.............#. .....#..
.............#. .!?..#..
.............#..#.#..#..
.............#.#...#.#..
#####........#.?#.#..#..
... #........#.......#
.. #........#.W.....# .
#........###@''###.. #
#...................
###+##.....##...#...?.##
.....'.....'....#.....#
.....#.....#....#.....#
.....#.....#....+.....'.
##'###.....######.....##
##.######.........#####
........#.........#


You could see flidderman's ghost.

Vanquished Creatures
  Prince Ribbit (D:7)
  2 water moccasins
  2 black bears
  2 phantoms
  3 ogres
  A centaur (D:5)
  A crocodile (D:5)
  Blork the orc (D:6)
  2 big kobolds
  A bullfrog (D:7)
  2 scorpions
  3 wights (D:7)
  A centaur zombie (D:7)
  2 crimson imps
  5 hounds
  2 jellies
  3 orc wizards
  5 orc priests
  A centaur skeleton (D:5)
  An iguana (D:5)
  5 worker ants
  A hound skeleton (D:6)
  A worker ant zombie (D:5)
  12 gnolls
  8 adders
  A shadow imp (D:6)
  An ooze (D:3)
  2 adder zombies
  4 worms
  A dart slug (D:5)
  10 leopard geckos
  20 orcs
  6 giant cockroaches
  32 goblins
  23 hobgoblins
  12 jackals
  10 kobolds
  5 quokkas
  2 ball pythons (D:5)
  11 bats
  6 frilled lizards
  A jackal zombie (D:6)
  A leopard gecko skeleton (D:5)
  12 rats
228 creatures vanquished.

Vanquished Creatures (others)
  An adder (D:7)
1 creature vanquished.

Grand Total: 229 creatures vanquished

Notes
Turn   | Place    | Note
-------+----------+-------------------------------------------
     0 | D:1      | Harbin the Demonspawn Monk began the quest for the Orb.
     0 | D:1      | Reached XP level 1. HP: 18/18 MP: 1/1
   285 | D:1      | Gained mutation: You sometimes gain a little power by
                  | taking damage. [demonic ancestry]
   285 | D:1      | Reached XP level 2. HP: 18/24 MP: 2/2
   471 | D:1      | Reached skill level 3 in Unarmed Combat
  1220 | D:1      | Gained mutation: You are weak. (Str -2) [potion of
                  | mutation]
  1220 | D:1      | Gained mutation: You possess an exceptional clarity of
                  | mind. [potion of mutation]
  1221 | D:1      | HP: 1/36 [gnoll/+1 vorpal flail (1)]
  1222 | D:1      | Gained mutation: You have large cloven feet. [demonic
                  | ancestry]
  1222 | D:1      | Reached XP level 3. HP: 1/29 MP: 3/3
  1568 | D:2      | Noticed a phantom
  1708 | D:2      | Reached skill level 1 in Armour
  1766 | D:2      | Found a shimmering altar of Xom.
  1779 | D:2      | Found a burning altar of Makhleb.
  1893 | D:2      | Gained mutation: You have sharp fingernails. [demonic
                  | ancestry]
  1893 | D:2      | Reached XP level 4. HP: 35/35 MP: 4/4
  2541 | D:2      | Killed a phantom
  2541 | D:2      | Reached skill level 4 in Unarmed Combat
  2541 | D:2      | Reached XP level 5. HP: 23/42 MP: 5/5
  3356 | D:3      | Noticed an ogre
  3358 | D:3      | Gained mutation: When hurt, damage is shared between your
                  | health and your magic reserves. [demonic ancestry]
  3358 | D:3      | Reached XP level 6. HP: 46/48 MP: 6/6
  4758 | D:4      | Reached skill level 5 in Unarmed Combat
  4803 | D:4      | Found a shimmering blue altar of Sif Muna.
  4912 | D:4      | Gained mutation: You regenerate magic rapidly. [demonic
                  | ancestry]
  4912 | D:4      | Reached XP level 7. HP: 45/55 MP: 5/7
  6171 | D:5      | Entered Level 5 of the Dungeon
  6252 | D:5      | Found a glowing drain.
  6278 | Sewer    | Entered a sewer
  6373 | Sewer    | Reached skill level 5 in Fighting
  6391 | Sewer    | Found a white marble altar of Elyvilon.
  6740 | D:5      | Gained mutation: When low on magic, you restore magic in
                  | place of health. [demonic ancestry]
  6740 | D:5      | Reached XP level 8. HP: 24/62 MP: 8/8
  6917 | D:5      | Reached skill level 6 in Unarmed Combat
  7745 | D:2      | Became a worshipper of Makhleb the Destroyer
  7745 | D:2      | Reached * piety under Makhleb
  7745 | D:2      | Reached ** piety under Makhleb
  7899 | D:6      | Noticed Blork the orc
  7903 | D:6      | Killed Blork the orc
  7903 | D:6      | Reached skill level 1 in Invocations
  7951 | D:6      | Reached skill level 7 in Unarmed Combat
  7967 | D:6      | Found Icerock's Antique Weapon Emporium.
  8243 | D:6      | Found Suc Qadatu's Antique Weapon Boutique.
  8326 | D:6      | Found an iron altar of Okawaru.
  8598 | D:7      | Gained mutation: You have a pair of small antennae on your
                  | head. [demonic ancestry]
  8598 | D:7      | Reached XP level 9. HP: 59/71 MP: 9/12
  8742 | D:7      | Noticed Prince Ribbit
  8790 | D:7      | Reached skill level 5 in Invocations
  8804 | D:7      | Killed Prince Ribbit
  8846 | D:7      | HP: 3/72 [orc wizard/magic dart (4)]
  8847 | D:7      | Reached *** piety under Makhleb
  8847 | D:7      | Reached skill level 8 in Unarmed Combat
  9047 | D:7      | Noticed flidderman's ghost (novice GrFi)
  9109 | D:7      | Found a runed translucent gate.
  9109 | D:7      | Found a runed translucent gate.
  9110 | D:7      | Found a runed translucent gate.
  9144 | D:7      | Slain by flidderman's ghost

Illustrated notes

Levels and vault maps discovered:
D:1:      dpeg_arrival_tiny_h, layout_basic
D:2:      layout_basic, amethyst_overflow_temple_binary, minmay_misc_feat_rugged
D:3:      minmay_skewed_foursquare, layout_basic
D:4:      minmay_goblin_kobold_castle, layout_basic, led_sif_book,
          minmay_strange_pillars
D:5:      kennysheep_spiral_hall, layout_loops_cross, portal_sewer_entry_a,
          first_ration
D:6:      layout_cave_pools, serial_shops, nicolae_shop_overgrown_old_shop,
          shop, okawaru_metal_pillars_3, uniq_blork_the_orc
D:7:      layout_gridville, lemuel_temple_firewalk_b, gammafunk_ghost_split,
          uniq_prince_ribbit1

Skill      XL: |  1  2  3  4  5  6  7  8  9 |
---------------+----------------------------+-----
Unarmed Combat | 3 4 5 7 8 |  8.1
Dodging        | 3 4 |  4.6
Armour         | 1 2 3 |  3.3
Fighting       | 4 5 6 7 |  7.4
Invocations    | 4 6 |  6.1
Stealth        | |  1.7

Action                   |  1- 3 |  4- 6 |  7- 9 || total
-------------------------+-------+-------+-------++-------
Melee: Unarmed           |   143 |   250 |   434 ||   827
       Punch             |     2 |     7 |    10 ||    19
       Kick              |     7 |    53 |   116 ||   176
Throw: Dart              |       |     2 |    12 ||    14
       Boomerang         |       |       |     1 ||     1
Invok: Minor Destruction |       |       |     1 ||     1
  Use: Potion            |     3 |     2 |     7 ||    12
       Scroll            |       |     8 |     2 ||    10
 Stab: Sleeping          |     3 |     6 |     3 ||    12
       Invisible         |       |     1 |       ||     1
       Distracted        |       |       |     1 ||     1
  Eat: Chunk             |     3 |    10 |    14 ||    27
Armor: Leather armour    |    44 |    37 |    15 ||    96
       Skin              |       |    18 |    37 ||    55
       Troll leather arm |       |       |    38 ||    38
Dodge: Dodged            |    93 |   147 |   252 ||   492

Table legend:
 A = Non-vault XP
 B = Vault XP
 C = Vault XP percentage of total XP
 D = Non-vault monster count
 E = Vault monster count
 F = Vault count percentage of total count
                 A         B        C        D         E       F
            +---------+---------+-------+---------+---------+-------
      Total |    3113 |     937 |  23.1 |     153 |      75 |  32.9
            +---------+---------+-------+---------+---------+-------
        D:1 |      50 |       0 |   0.0 |      22 |       0 |   0.0
        D:2 |     243 |       0 |   0.0 |      27 |       0 |   0.0
        D:3 |     249 |      69 |  21.7 |      31 |       7 |  18.4
        D:4 |     248 |     287 |  53.6 |       9 |      50 |  84.7
        D:5 |     540 |      51 |   8.6 |      19 |       6 |  24.0
        D:6 |     773 |      99 |  11.4 |      23 |       1 |   4.2
        D:7 |    1010 |     320 |  24.1 |      22 |       2 |   8.3
      Sewer |       0 |     111 | 100.0 |       0 |       9 | 100.0
            +---------+---------+-------+---------+---------+-------
